Map: Temple gelé

Players

zidar

  • Race: Zerg Zerg
  • League: Platinum
  • Spawn Location: 11:00

SignX - Winner!

  • Race: Protoss Protoss
  • League: Gold
  • Spawn Location: 5:00

VOD

Have the link to the VOD?

Description

Time

  • Played on: Oct. 14, 2016, 2:25 p.m.
  • Length: 12:35
Show
View Real Time Build Order
Export as new Build Order

zidar Zerg 

Build Orders: Hatch First, Lurkers 

Get SALT Encoding   

  12  0:01  Drone  
  13  0:12  Overlord  
  13  0:17  Drone  
  14  0:31  Drone x2  
  14  0:34  Drone  
  17  0:58  Hatchery  
  17  0:59  Drone  
  17  1:14  Spawning Pool  
  17  1:17  Drone  
  17  1:22  Drone  
  17  1:23  Extractor  
  17  1:33  Drone x2  
  19  1:55  Overlord  
  19  1:58  Drone  
  20  2:01  Queen  
  22  2:14  Drone x3  
  25  2:19  Queen  
  27  2:22  Metabolic Boost  
  27  2:43  Roach Warren  
  25  2:48  Drone x5  
  30  2:55  Queen  
  32  3:07  Extractor  
  32  3:08  Lair  
  31  3:15  Drone  
  31  3:18  Drone x2  
  34  3:37  Evolution Chamber  
  34  3:39  Evolution Chamber  
  32  3:42  Drone x2  
  32  3:44  Drone x2  
  36  4:16  Zerg Missile Weapons Level 1  
  36  4:20  Hydralisk Den  
  35  4:26  Extractor x2  
  33  4:43  Roach x2  
  36  4:48  Zerg Ground Armor Level 1  
  36  5:06  Lurker Den  
  36  5:20  Overlord  
  36  5:21  Overlord x5  
  36  5:43  Infestation Pit  
  36  5:48  Roach x2  
  37  5:55  Roach x11  
  57  5:57  Hydralisk  
  48  6:28  Drone x4  
  52  7:05  Muscular Augments  
  52  7:07  Glial Reconstitution  
  52  7:19  Drone x5  
  57  7:36  Queen  
  59  7:51  Drone x3  
  62  8:25  Drone x3  
  65  8:32  Hatchery  
  65  8:33  Hydralisk  
  66  8:35  Hydralisk  
  66  8:53  Lurker  
  67  9:06  Lurker  
  68  9:27  Hydralisk  
  68  9:28  Hydralisk x3  
  76  9:42  Overlord x2  
  76  9:43  Overlord  
  76  9:49  Hatchery  
  76  9:51  Zerg Missile Weapons Level 2  
  75  10:06  Hydralisk x2  
  79  10:07  Hydralisk  
  79  10:11  Lurker  
  82  10:26  Drone x3  
  82  10:27  Drone x2  
  87  10:30  Drone  
  87  10:32  Drone  
  89  10:46  Overseer  
  89  10:58  Drone x3  
  89  11:02  Overlord  
  89  11:03  Overlord  
  92  11:10  Queen  
  94  11:13  Drone x2  
  94  11:16  Drone x2  
  98  11:20  Overlord  
  98  11:25  Drone x4  
  102  11:36  Hydralisk x2  
  106  11:46  Drone x6  
  112  11:51  Queen  
  108  12:06  Lurker  
  108  12:08  Hydralisk x4  
  109  12:13  Drone  
Show
View Real Time Build Order
Export as new Build Order

SignX Protoss - Winner!

Build Orders:  

Get SALT Encoding   

  12  0:01  Probe (Chrono Boost)  
  13  0:11  Probe (Chrono Boost)  
  14  0:22  Pylon  
  14  0:23  Probe (Chrono Boost)  
  15  0:40  Probe (Chrono Boost)  
  15  0:41  Gateway  
  16  0:50  Assimilator  
  16  0:51  Probe (Chrono Boost)  
  17  1:02  Probe (Chrono Boost)  
  18  1:15  Probe (Chrono Boost)  
  19  1:26  Probe (Chrono Boost)  
  19  1:31  Cybernetics Core  
  20  1:33  Assimilator  
  20  1:34  Pylon  
  20  1:36  Probe (Chrono Boost)  
  22  1:47  Probe (Chrono Boost)  
  22  1:57  Probe (Chrono Boost)  
  23  2:09  Nexus  
  23  2:10  Warp Gate (Chrono Boost)  
  23  2:19  Adept  
  25  2:42  Twilight Council  
  25  2:50  Probe  
  26  2:59  Pylon  
  26  3:06  Mothership Core  
  26  3:07  Gateway  
  26  3:11  Adept  
  30  3:18  Resonating Glaives (Chrono Boost)  
  30  3:21  Probe  
  31  3:32  Probe  
  32  3:41  Probe  
  32  3:43  Robotics Facility  
  33  4:00  Adept  
  35  4:09  Adept  
  37  4:23  Probe  
  37  4:24  Probe  
  37  4:53  Adept x2  
  37  4:55  Probe (Chrono Boost)  
  37  4:57  Probe (Chrono Boost)  
  37  4:59  Assimilator  
  43  5:02  Pylon  
  43  5:05  Observer  
  44  5:11  Probe x2 (Chrono Boost), Pylon  
  44  5:13  Pylon  
  44  5:14  Sentry, Adept  
  50  5:24  Probe x2 (Chrono Boost)  
  52  5:29  Pylon  
  52  5:39  Probe x2 (Chrono Boost)  
  46  6:30  Immortal (Chrono Boost)  
  50  6:32  Stalker  
  50  6:33  Stalker  
  50  6:35  Probe  
  50  6:36  Probe  
  56  6:42  Assimilator  
  56  6:54  Gateway  
  56  6:55  Gateway  
  56  6:58  Gateway, Adept x2, Pylon  
  56  7:00  Pylon  
  60  7:01  Forge  
  60  7:03  Forge  
  60  7:09  Immortal (Chrono Boost), Pylon  
  60  7:12  Probe  
  60  7:13  Probe  
  66  7:25  Adept x2  
  66  7:26  Nexus  
  66  7:29  Pylon  
  70  7:33  Pylon  
  70  7:35  Protoss Ground Weapons Level 1  
  70  7:37  Pylon  
  70  7:39  Protoss Ground Armor Level 1  
  70  7:45  Immortal (Chrono Boost)  
  70  7:50  Probe  
  74  7:51  Probe  
  74  7:55  Stalker x3  
  74  7:56  Stalker x2  
  86  8:12  Photon Cannon  
  86  8:14  Photon Cannon  
  86  8:19  Stalker x3  
  92  8:47  Stalker  
  92  8:48  Stalker x2  
  98  9:04  Probe  
  98  9:05  Probe  
  98  9:06  Probe  
  101  9:23  Stalker x5  
  111  9:30  Immortal (Chrono Boost)  
  111  9:31  Gateway x2  
  115  9:33  Protoss Ground Weapons Level 2  
  115  9:36  Robotics Facility  
  115  9:43  Dark Shrine  
  115  9:53  Photon Cannon  
  115  10:00  Photon Cannon  
  115  10:01  Charge  
  115  10:03  Assimilator  
  115  10:05  Assimilator  
  115  10:07  Probe x2  
  115  10:08  Probe  
  118  10:19  Gateway  
  118  10:22  Pylon  
  118  10:30  Observer (Chrono Boost)  
  118  10:34  Immortal (Chrono Boost)  
  123  10:38  Probe  
  123  10:40  Probe x2  
  123  10:42  Stalker x3  
  130  10:43  Stalker  
  134  11:02  Probe  
  134  11:03  Probe  
  134  11:04  Probe  
  137  11:07  Dark Templar x4  
  145  11:11  Archon x2  
  145  11:41  Probe  
  145  11:42  Probe x2  
Tags
 
Composition
Lurkers
Matchup
PvZ
Spawn Locations
Cross Positions
Add a new tag
Caveats
  • Supply blocks, unpowered buildings, or Contaminate may cause inaccurate times.
  • Supply counts are checked every 10 seconds.